 Dungeon Crawl Stone Soup version 0.30-a0-965-g42e074c17a (webtiles) character file.

Game seed: 4736135996389547432

1087 xian the Firebug (level 8, 0/53 HPs)
             Began as a Demonspawn Fire Elementalist on Mar 30, 2023.
             Was a Follower of Vehumet.
             Slain by an ogre
             ... wielding a +0 giant club
              (12 damage)
             ... on level 6 of the Dungeon on Mar 31, 2023.
             The game lasted 00:17:38 (5561 turns).

xian the Firebug (Demonspawn Fire Elementalist)     Turns: 5561, Time: 00:17:39

Health: 0/53       AC: 17    Str:  9    XL:     8   Next: 9%
Magic:  16/24      EV: 11    Int: 19    God:    Vehumet [*.....]
Gold:   576        SH:  0    Dex: 17    Spells: 10/17 levels left

rFire   + . .      SeeInvis .    e - +0 short sword
rCold   . . .      Faith    .    (no shield)
rNeg    . . .      Spirit   .    B - +4 ring mail of the Seven Lovers {rPois Dex+4}
rPois   +          Reflect  .    d - +1 hat
rElec   .          Rampage  .    u - +0 cloak
rCorr   .                        f - +0 pair of gloves
Will    .....                    t - +0 pair of boots
Stlth   ++                       (no amulet)
HPRegen 0.28/turn                k - ring of magical power
MPRegen 0.19/turn                A - ring of fire

@: no status effects
A: icy blue scales 3, ignite blood 1
a: Renounce Religion


You were on level 6 of the Dungeon.
You worshipped Vehumet.
Vehumet was aware of your devotion.
You visited 2 branches of the dungeon, and saw 7 of its levels.

You collected 576 gold pieces.

Inventory:

Hand Weapons
 e - a +0 short sword (weapon)
Missiles
 c - 7 poisoned darts
Armour
 d - a +1 hat (worn)
 f - a +0 pair of gloves (worn)
 j - a +0 leather armour
 t - a +0 pair of boots (worn)
 u - a +0 cloak (worn)
 B - the +4 ring mail of the Seven Lovers (worn) {rPois Dex+4}
   (You took it off an orc on level 5 of the Dungeon)

   Dex:       It affects your dexterity (+4).
   rPois:     It protects you from poison.
Jewellery
 k - a ring of magical power (left hand)
 A - a ring of fire (right hand)
 G - an amulet of guardian spirit
Wands
 x - a wand of quicksilver (11)
 E - a wand of paralysis (3)
Scrolls
 h - 3 scrolls of magic mapping {unknown}
 i - a scroll of amnesia {unknown}
 l - 2 scrolls of teleportation {unknown}
 m - 6 scrolls of identify {unknown}
 y - a scroll of acquirement {unknown}
 C - a scroll of fog {unknown}
 D - 2 scrolls of torment {unknown}
 F - a scroll of enchant weapon {unknown}
Potions
 a - a potion of degeneration {unknown}
 b - 2 potions of magic
 g - a potion of might
 n - a potion of brilliance {unknown}
 o - 2 potions of curing {unknown}
 p - a potion of mutation {unknown}
 q - a potion of resistance
 r - a potion of heal wounds {unknown}
 s - a potion of haste {unknown}
 v - a potion of lignification
 w - 2 potions of attraction {unknown}
 z - a potion of ambrosia {unknown}


   Skills:
 + Level 0.5 Fighting
 + Level 1.2 Short Blades
 + Level 2.2 Armour
 + Level 3.1 Dodging
 + Level 2.1 Stealth
 + Level 5.0 Spellcasting
 + Level 3.8 Conjurations
 + Level 5.4 Fire Magic


You had 10 spell levels left.
You knew the following spells:

 Your Spells              Type           Power      Damage    Failure   Level
a - Foxfire               Conj/Fire      100%       2x1d6     4%          1
b - Scorch                Fire           76%        2d8       5%          2
c - Flame Wave            Conj/Fire      33%        2d10      45%         4

Your spell library contained the following spells:

 Spells                   Type           Power      Damage    Failure   Level
 Kiss of Death            Conj/Necr      48%        2d9       16%         1
 Inner Flame              Hex/Fire       22%        N/A       32%         3
 Stone Arrow              Conj/Erth      24%        3d8       41%         3
 Kindle Blastsparks       Fire/Tloc/Air  34%        2d12      43%         3
 Vhi's Electric Charge    Tloc/Air       8%         N/A       69%         3
 Animate Armour           Summ/Erth      8%         N/A       97%         4
 Manifold Assault         Tloc           4%         N/A       97%         4
 Arcjolt                  Conj/Air       6%         1d16      99%         5
 Dispersal                Tloc           2%         N/A       100%        6
 Disjunction              Tloc           2%         N/A       100%        8
 Lehudib's Crystal Spear  Conj/Erth      6%         10d3      100%        8
 Maxwell's Capacitive Co  Air            2%         ∞         100%        8


Dungeon Overview and Level Annotations

Branches:
Dungeon (6/15)             Temple (1/1) D:6

Altars:
Ashenzari
Dithmenos
Fedhas
Gozag
Hepliaklqana
Makhleb
Nemelex Xobeh
Okawaru
Qazlal
Ru
Uskayaw
Vehumet
Wu Jian
Xom
Yredelemnul


Innate Abilities, Weirdness & Mutations

You are completely covered in icy blue scales. (AC +4, rC+)
Your demonic aura sometimes causes spilled blood to erupt in flames.


Message History

The vampire is moderately damaged.
The foxfire hits the vampire but does no damage.
The vampire is moderately damaged.
You feel a surge of power!
You conjure some foxfire!
The vampire hits you! The vampire bites you!
The vampire draws strength from your injuries!
You feel a surge of power!
You conjure some foxfire!
The vampire is no longer more vulnerable to fire.
The foxfire hits the ogre.
The ogre is lightly wounded.
The vampire hits you. The vampire closely misses you.
You feel a surge of power!
You conjure some foxfire!
The foxfire hits the vampire.
The vampire is moderately damaged.
The foxfire hits the vampire.
The vampire is moderately damaged.
The ogre misses you. The vampire misses you. x2
Unknown command.
You feel a surge of power!
You conjure some foxfire!
The foxfire hits the ogre.
The ogre is moderately wounded.
The foxfire hits the ogre.
The ogre is heavily wounded.
The vampire barely misses you. x2
Unknown command.
You feel a surge of power!
You conjure some foxfire!
The foxfire hits the vampire but does no damage.
The vampire is moderately damaged.
The foxfire hits the vampire.
The vampire is heavily damaged.
The ogre hits you but does no damage. The vampire hits you.
The vampire closely misses you.
You feel a surge of power!
You conjure some foxfire!
The foxfire hits the ogre!
The ogre is severely wounded.
The foxfire hits the ogre but does no damage.
The ogre is severely wounded.
The vampire draws life force from you!
* * * LOW HITPOINT WARNING * * *
The vampire is healed by the life force!
The ogre hits you with a +0 giant club!
You die...

#......##.# ..$
$o. #....'.
..#..#..'.# ..$#$.
#....#.
)..##...#.# .#$#.
#......
†.)##...#.# ....
####.##
.)#..#..#'### ...
#...#
#......##)..###.#
#....
##....##......#o##
#....
######..#.#..#OV##
....
#....#...#.@v###
...
##..#.#..#§#v..##
..
##......'...#..# .
##...###.#...##
##### #...###
#..## ####


You could see a vampire (ally target), an ogre and an orc.

Vanquished Creatures
  A centaur (D:5)
  2 bullfrogs (D:6)
  2 scorpions
  A crimson imp (D:3)
  2 hounds (D:5)
  A jelly (D:6)
  3 orc priests
  Jessica (D:2)
  A sleepcap (D:6)
  4 iguanas
  6 orc wizards
  2 gnolls (D:6)
  8 adders
  A shadow imp (D:6)
  A white imp (D:5)
  An ufetubus (D:4)
  4 worms
  16 orcs
  9 ball pythons
  9 endoplasms
  5 giant cockroaches
  9 hobgoblins
  4 jackals (D:2)
  3 kobolds
  6 quokkas
  7 bats
  5 frilled lizards
  10 goblins
  6 rats
130 creatures vanquished.

Vanquished Creatures (others)
  534 foxfires
534 creatures vanquished.

Grand Total: 664 creatures vanquished

Notes
Turn   | Place    | Note
-------+----------+-------------------------------------------
     0 | D:1      | xian the Demonspawn Fire Elementalist began the quest for
                  | the Orb.
     0 | D:1      | Reached XP level 1. HP: 13/13 MP: 3/3
   154 | D:1      | Gained mutation: You are partially covered in icy blue
                  | scales. (AC +2) [demonic ancestry]
   154 | D:1      | Reached XP level 2. HP: 19/19 MP: 0/5
   612 | D:1      | Reached XP level 3. HP: 24/24 MP: 4/6
   711 | D:1      | Learned a level 2 spell: Scorch
  1440 | D:2      | Reached XP level 4. HP: 27/30 MP: 8/8
  1524 | D:2      | Noticed Jessica
  1530 | D:2      | Killed Jessica
  1739 | D:2      | Found a faded altar of an unknown god.
  2119 | D:3      | Reached XP level 5. HP: 35/35 MP: 9/9
  2340 | D:3      | Found an opulent altar of Gozag.
  2341 | D:3      | Found a sparkling altar of Nemelex Xobeh.
  2342 | D:3      | Found a blossoming altar of Fedhas.
  2343 | D:3      | Found a shadowy altar of Dithmenos.
  2343 | D:3      | Found a hide-covered altar of Uskayaw.
  2402 | D:3      | Reached skill level 1 in Armour
  2646 | D:3      | Found a burning altar of Makhleb.
  2647 | D:3      | Found a shimmering altar of Xom.
  2800 | D:4      | Reached skill level 1 in Short Blades
  2800 | D:4      | Gained mutation: You are mostly covered in icy blue scales.
                  | (AC +3) [demonic ancestry]
  2800 | D:4      | Reached XP level 6. HP: 25/41 MP: 7/11
  3009 | D:4      | Learned a level 4 spell: Flame Wave
  3624 | D:5      | Entered Level 5 of the Dungeon
  3931 | D:5      | Identified the +4 ring mail of the Seven Lovers {rPois
                  | Dex+4}
  4131 | D:5      | Gained mutation: Your demonic aura sometimes causes spilled
                  | blood to erupt in flames. [demonic ancestry]
  4131 | D:5      | Reached XP level 7. HP: 47/47 MP: 13/13
  4379 | D:5      | Found an iron altar of Okawaru.
  4379 | D:5      | Found a sacrificial altar of Ru.
  4586 | D:6      | Found a staircase to the Ecumenical Temple.
  4605 | Temple   | Entered the Ecumenical Temple
  4646 | Temple   | Became a worshipper of Vehumet
  4765 | D:6      | HP: 2/47 [scorpion (5)]
  4776 | D:6      | Reached skill level 5 in Fire Magic
  4776 | D:6      | HP: 1/70 [orc/+0 mace (4)]
  5382 | D:6      | Gained mutation: You are completely covered in icy blue
                  | scales. (AC +4, rC+) [demonic ancestry]
  5382 | D:6      | Reached XP level 8. HP: 53/53 MP: 15/15
  5390 | D:6      | Reached * piety under Vehumet
  5390 | D:6      | Offered knowledge of Kiss of Death by Vehumet.
  5391 | D:6      | Reached skill level 5 in Spellcasting
  5561 | D:6      | Slain by an ogre

Illustrated notes

Levels and vault maps discovered:
D:1:      wander_arrival_peaceful_grave, layout_rooms
D:2:      layout_rooms, shapermc_ecumenical_altar_hornbeckon, uniq_jessica
D:3:      layout_rooms, grunt_temple_overflow_champion_of_chaos,
          grunt_temple_overflow_open, hangedman_feature_mirror,
          roderic_serpentine_path
D:4:      layout_basic, nicolae_figureground_pulse
D:5:      layout_rooms, gammafunk_temple_overflow_elements
D:6:      minmay_polygon_palace, layout_basic, minmay_temple_entry_trees
Temple:   dpeg_three_leaves_temple

Skill      XL: |  1  2  3  4  5  6  7  8 |
---------------+-------------------------+-----
Dodging        | 2 3 |  3.1
Fire Magic     | 3 4 5 |  5.4
Spellcasting   | 3 4 5 |  5.0
Armour         | 1 2 |  2.2
Stealth        | 2 |  2.1
Conjurations   | 2 3 |  3.8
Short Blades   | 1 |  1.2
Fighting       | |  0.5

Action                     |  1- 3 |  4- 6 |  7- 9 || total
---------------------------+-------+-------+-------++-------
  Melee: Short sword       |    43 |    56 |    13 ||   112
         Unarmed           |     1 |       |       ||     1
   Cast: Foxfire           |    93 |   146 |    79 ||   318
         Scorch            |       |    18 |    14 ||    32
    Use: Potion            |       |       |     3 ||     3
 Armour: Robe              |    15 |       |       ||    15
         Leather armour    |    29 |    40 |       ||    69
         Ring mail         |       |       |    34 ||    34
         Skin              |       |       |    20 ||    20
  Dodge: Dodged            |    78 |    78 |    53 ||   209

Table legend: (Time is in decaauts)
 A = Elapsed time spent in this place.
 B = Non-inter-level travel time spent in this place.
 C = Inter-level travel time spent in this place.
 D = Time resting spent in this place.
 E = Time spent auto-exploring this place.
 F = Levels seen in this place.
 G = Mean time per level.
                   A        B        C        D        E       F      G
               +--------+--------+--------+--------+--------+-----+--------+
         Total |   5572 |   5466 |    106 |     87 |   4089 |   7 |  796.0 |
       Dungeon |   5513 |   5419 |     94 |     87 |   4065 |   6 |  918.8 |
        Temple |     58 |     46 |     12 |      0 |     24 |   1 |   58.0 |
               +--------+--------+--------+--------+--------+-----+--------+

Top non-repeatable levels by time:
     D:2: 1012 daAuts
     D:3: 1002 daAuts
     D:4: 931 daAuts
     D:6: 916 daAuts
     D:5: 867 daAuts
     D:1: 783 daAuts
  Temple: 58 daAuts
